 Dungeon Crawl Stone Soup version 0.18.1-5-g4a78601 (webtiles) character file.

4725 MTVSty1e the Fighter (level 10, -15/90 HPs)
             Began as a Green Draconian Berserker on May 12, 2016.
             Was an Elder of Trog.
             Killed from afar by a raiju (17 damage)
             ... with a living lightning
             ... on level 2 of the Abyss.
             The game lasted 00:28:37 (9061 turns).

MTVSty1e the Fighter (Green Draconian Berserker)    Turns: 9061, Time: 00:28:38

Health: -15/90     AC:  9    Str: 23    XL:     10   Next: 22%
Magic:  0/22       EV: 12    Int:  7    God:    Trog [****..]
Gold:   466        SH:  8    Dex: 11    Spells: 0 memorised, 9 levels left

rFire  . . .     SeeInvis .     I - +2 war axe (flame)
rCold  . . .     Gourm    .     (armour unavailable)
rNeg   . . .     Faith    .     x - +0 shield
rPois  +         Spirit   .     (helmet restricted)
rElec  .         Dismiss  .     g - +1 cloak {+Inv}
rCorr  +         Reflect  .     (no gloves)
SustAt .         Harm     .     (no boots)
MR     .....                    (no amulet)
Stlth  +++.......               y - ring of magical power
                                v - ring of resist corrosion

@: invisible, not resistant to hostile enchantments, fairly stealthy
A: breathe noxious fumes, unfitting armour, poison resistance, cold-blooded, AC
+7
a: Breathe Noxious Fumes, Berserk, Trog's Hand, Brothers in Arms, Burn
Spellbooks, Renounce Religion


You were on level 2 of the Abyss.
You worshipped Trog.
Trog was greatly pleased with you.
You were not hungry.

You visited 1 branch of the dungeon, and saw 9 of its levels.
You visited the Abyss 1 time.

You collected 466 gold pieces.

Inventory:

Hand Weapons
 a - a +0 hand axe
 d - a +1 hand axe
 e - a +4 quarterstaff of chaos
 k - a +1 mace of holy wrath
 n - a +0 quarterstaff of draining
 A - the +1 quarterstaff of Dagimm {vamp, rN+ MP-9 Int+2 Dex+4, unknown}
   (You found it on level 5 of the Dungeon)

   It inflicts no extra harm, but heals its wielder somewhat when it strikes a
   living foe.
   It affects your intelligence (+2).
   It affects your dexterity (+4).
   It protects you from negative energy.
   It affects your magic capacity (-9).
 B - a +3 hand axe
 I - a +2 war axe of flaming (weapon)
Armour
 g - a +1 cloak of invisibility (worn)
 x - a +0 shield (worn)
Jewellery
 u - a cursed ring of magical power
 v - a ring of resist corrosion (left hand)
 y - a ring of magical power (right hand)
Wands
 D - a wand of slowing (48/48)
Scrolls
 c - 4 scrolls of remove curse
 h - 4 scrolls of enchant armour
 i - 5 scrolls of magic mapping
 r - 2 scrolls of enchant weapon
 z - 2 scrolls of identify
Potions
 b - 5 potions of flight
 f - 4 potions of cure mutation
 j - a potion of resistance
 l - a potion of cancellation
 m - a potion of haste
 o - 2 potions of brilliance
 p - a potion of curing
 q - a potion of magic {unknown}
 s - 2 potions of heal wounds
 t - a potion of berserk rage {unknown}
 w - 2 potions of agility
 E - a potion of mutation {unknown}
Comestibles
 H - 4 bread rations


   Skills:
 * Level 8.9 Fighting
 * Level 3.9 Axes
 - Level 7.1 Staves
 * Level 7.2 Dodging
 * Level 5.7 Stealth
 + Level 0.4 Shields
 + Level 4.5 Evocations


You had 9 spell levels left.
You didn't know any spells.

Dungeon Overview and Level Annotations

Branches:
Dungeon (9/15)             Temple (0/1) D:6
   Lair: D:8-11         Orc: D:9-12

Altars:
Cheibriados
Gozag
Kikubaaqudgha
Makhleb
Okawaru
Ru
Sif Muna
Trog
Xom

Shops:
D:4 :

Annotations:
D:9 Psyche


Innate Abilities, Weirdness & Mutations

You can breathe blasts of noxious fumes.
Your lurid green scales are hard (AC +7).
Your body does not fit into most forms of armour.
Your system is resistant to poisons.
You are cold-blooded and may be slowed by cold attacks.


Message History

* * * LOW HITPOINT WARNING * * *
Something hits you!
* * * LOW HITPOINT WARNING * * *
You feel your power leaking away.
Okay, then.
Drink which item? (? for menu, Esc to quit)
You feel much better.
The raiju bursts into living lightning!
The living lightning hits you! x2
* * * LOW HITPOINT WARNING * * *
The raiju blinks!
Something hits you!!
* * * LOW HITPOINT WARNING * * *
You don't have enough magic at the moment.
Drink which item? (? for menu, Esc to quit)
You have no mutations to cure!
Drink which item? (? for menu, Esc to quit)
You fade into invisibility!
The raiju bursts into living lightning!
The living lightning hits you!
You die...

###. ....
##.#
#......##.#
####..##..#
#.#....# #
.#.####
##.####..#
#.....# #.
#.#####.. .
#.@{.# #
###h## ..
##.# . # ..
. ... h##.
## .. #.


You could see 2 raiju.

Vanquished Creatures
  Pikel (D:4)
  The ghost of Mefis the Magician, a novice DEWz of Sif Muna (D:5)
  Grinder (D:6)
  A spriggan (D:7)
  A yak (D:9)
  The ghost of Rekenzichi the Ducker, an amateur DrGl (D:4)
  A hippogriff (D:8)
  2 hungry ghosts
  Menkaure (D:4)
  Edmund (D:4)
  Purgy (D:4)
  An orc warrior (D:9)
  4 ice beasts
  5 ogres
  3 centaurs
  A gnoll sergeant (D:7)
  5 giant frogs
  3 howler monkeys
  2 crimson imps (D:8)
  A wasp zombie (D:3)
  A giant frog zombie (D:8)
  3 orc priests
  3 hounds
  2 jellies
  5 orc wizards
  Crazy Yiuf (D:2)
  Jessica (D:2)
  2 iguanas
  2 worker ants
  2 hound zombies (D:8)
  A howler monkey skeleton (D:9)
  9 gnolls (D:7)
  10 adders
  A shadow imp (D:5)
  2 oozes
  2 adder zombies
  2 adder skeletons (D:4)
  3 worms
  2 dart slugs (D:1)
  7 giant geckos
  27 orcs
  A ball python (D:2)
  7 giant cockroaches
  13 hobgoblins
  5 kobolds
  6 quokkas
  5 bats
  4 giant newts
  10 goblins
  A jackal zombie (D:8)
  A quokka skeleton (D:6)
  A quokka zombie (D:6)
  7 rats
186 creatures vanquished.

Vanquished Creatures (others)
  24 fungi (D:9)
  18 plants (D:9)
42 creatures vanquished.

Grand Total: 228 creatures vanquished

Notes
Turn   | Place    | Note
--------------------------------------------------------------
     0 | D:1      | MTVSty1e the Draconian Berserker began the quest for the Orb.
     0 | D:1      | Reached XP level 1. HP: 19/19 MP: 1/1
   742 | D:1      | Reached XP level 2. HP: 26/26 MP: 2/2
   902 | D:1      | Reached skill level 1 in Stealth
  1117 | D:2      | Reached XP level 3. HP: 30/33 MP: 3/3
  1183 | D:2      | Reached skill level 4 in Fighting
  1279 | D:2      | Reached ** piety under Trog
  1292 | D:2      | Noticed Jessica
  1300 | D:2      | Killed Jessica
  1300 | D:2      | Reached XP level 4. HP: 40/40 MP: 4/4
  1998 | D:2      | Found an ancient bone altar of Kikubaaqudgha.
  2081 | D:2      | Noticed Crazy Yiuf
  2109 | D:2      | Killed Crazy Yiuf
  2417 | D:3      | Reached XP level 5. HP: 47/47 MP: 5/5
  2446 | D:3      | Found a faded altar to an unknown god.
  3029 | D:3      | Found a shimmering altar of Xom.
  3039 | D:3      | Found a sacrificial altar of Ru.
  3045 | D:3      | Found an iron altar of Okawaru.
  3524 | D:4      | Noticed an ogre
  3527 | D:4      | Noticed Purgy
  3529 | D:4      | Killed an ogre
  3529 | D:4      | Reached skill level 5 in Fighting
  3529 | D:4      | Reached skill level 1 in Staves
  3529 | D:4      | Reached skill level 1 in Evocations
  3529 | D:4      | Reached XP level 6. HP: 56/56 MP: 6/6
  3533 | D:4      | Killed Purgy
  3613 | D:4      | Reached *** piety under Trog
  3837 | D:4      | Noticed Edmund
  3841 | D:4      | Your scales start taking on a lurid green colour.
  3841 | D:4      | Reached XP level 7. HP: 59/61 MP: 8/8
  3841 | D:4      | Gained mutation: Your system is resistant to poisons. [Green Draconian growth]
  3848 | D:4      | Noticed Pikel
  3865 | D:4      | Killed Edmund
  3869 | D:4      | Killed Pikel
  3869 | D:4      | Reached skill level 6 in Fighting
  3869 | D:4      | Reached skill level 5 in Dodging
  3869 | D:4      | Reached XP level 8. HP: 55/70 MP: 9/9
  4011 | D:4      | Found Gila's Book Boutique.
  4013 | D:4      | Noticed Menkaure
  4049 | D:4      | Killed Menkaure
  4258 | D:4      | Noticed Rekenzichi's ghost (amateur DrGl)
  4269 | D:4      | Killed Rekenzichi's ghost
  4445 | D:5      | Entered Level 5 of the Dungeon
  4577 | D:5      | Noticed Mefis's ghost (novice DEWz)
  4606 | D:5      | Killed Mefis's ghost
  4606 | D:5      | Reached skill level 7 in Fighting
  4606 | D:5      | Reached skill level 5 in Staves
  4606 | D:5      | Reached XP level 9. HP: 79/79 MP: 11/11
  5446 | D:5      | Got a crude quarterstaff
  5769 | D:6      | Found a staircase to the Ecumenical Temple.
  6366 | D:6      | Noticed Grinder
  6371 | D:6      | Paralysed by Grinder for 7 turns
  6385 | D:6      | Killed Grinder
  6502 | D:6      | Reached skill level 5 in Stealth
  6639 | D:7      | Reached skill level 8 in Fighting
  6887 | D:7      | Reached **** piety under Trog
  7502 | D:7      | Found a burning altar of Makhleb.
  7503 | D:7      | Found a deep blue altar of Sif Muna.
  7787 | D:8      | Found a bloodstained altar of Trog.
  7879 | D:8      | Found a snail-covered altar of Cheibriados.
  7928 | D:8      | Found an opulent altar of Gozag.
  7988 | D:8      | Reached XP level 10. HP: 89/90 MP: 13/13
  8997 | D:9      | Noticed Psyche
  9011 | D:9      | Cast into level 2 of the Abyss (Psyche)
  9045 | Abyss:2  | Noticed a large abomination
  9060 | Abyss:2  | HP: 2/90 [something (19)]
  9061 | Abyss:2  | Killed from afar by a raiju

Skill      XL: |  1  2  3  4  5  6  7  8  9 10 |
---------------+-------------------------------+-----
Stealth        | 1 2 3 4 5 |  5.7
Dodging        | 3 4 5 6 7 |  7.2
Fighting       | 4 5 6 7 8 |  8.9
Staves         | 1 2 3 5 7 |  7.1
Evocations     | 1 2 3 4 |  4.5
Axes           | |  3.9
Shields        | |  0.4

Action                   |  1- 3 |  4- 6 |  7- 9 | 10-12 || total
-------------------------+-------+-------+-------+-------++-------
Melee: Hand axe          |   115 |    76 |       |       ||   191
       Tailslap          |     9 |    11 |    32 |    11 ||    63
       Quarterstaff      |       |    82 |   247 |       ||   329
       War axe           |       |       |     2 |    87 ||    89
Invok: Berserk           |       |     2 |     4 |     1 ||     7
       Trog's Hand       |       |     1 |     5 |     1 ||     7
 Abil: Breathe Noxious F |       |       |     6 |       ||     6
  Use: Potion            |     2 |     3 |       |     3 ||     8
       Scroll            |     3 |     6 |    11 |       ||    20
 Stab: Sleeping          |       |     4 |     5 |       ||     9
       Paralysed         |       |     1 |       |       ||     1
       Confused          |       |       |     3 |       ||     3
  Eat: Bread ration      |     1 |       |     2 |       ||     3
       Meat ration       |       |     2 |     2 |     1 ||     5
       Royal jelly       |       |       |     2 |       ||     2
       Beef jerky        |       |       |     1 |       ||     1
Armor: Skin              |    47 |    68 |    88 |    30 ||   233
Dodge: Dodged            |    69 |   120 |   204 |    49 ||   442
Block: Shield            |       |       |     1 |    37 ||    38
